[Event "ICC tourney 2545 (5 3)"]
[Site "Internet Chess Club"]
[Date "2021.04.11"]
[Round "6"]
[White "Moncu"]
[Black "Chanakya"]
[Result "0-1"]
[ICCResult "White resigns"]
[WhiteElo "2308"]
[BlackElo "1701"]
[Opening "Caro-Kann: Panov-Botvinnik attack, 5...e6"]
[ECO "B14"]
[NIC "CK.02"]
[Time "16:14:43"]
[TimeControl "300+3"]

1. e4 c6 2. d4 d5 3. exd5 cxd5 4. c4 e6 5. Nc3 Nf6 6. Nf3 Bb4 7. cxd5 Nxd5
8. Qc2 Qc7 9. Bd2 Bd6 10. Rc1 Nc6 11. Nb5 Qd8 12. Nxd6+ Qxd6 13. a3 O-O 14.
Bd3 h6 15. O-O Nf6 16. Bc3 Rd8 17. Rfd1 b6 18. d5 Nxd5 19. Bxg7 Kxg7 20.
Qxc6 Qxc6 21. Rxc6 Nf4 22. Bc2 Bb7 23. Rc7 Rxd1+ 24. Bxd1 Rd8 25. Rc1 Kf6
26. h3 h5 27. h4 a5 28. Ne1 Rd2 29. g3 Ne2+ 30. Bxe2 Rxe2 31. Nc2 Be4 32.
Ne3 Rxb2 33. Nc4 Ra2 34. Nxb6 Rxa3 35. Kf1 Rb3 36. Nc4 Bd3+ 37. Ke1 a4 38.
Kd2 Bxc4 39. Rxc4 a3 40. Ra4 Kf5 41. Ra5+ Kg4 42. Rg5+ Kf3 43. Rxh5 Kxf2 44.
Rh7 Rf3 45. Rh8 a2 46. Ra8 Kxg3 47. h5 Rf1 48. h6 a1=Q 49. Rxa1 Rxa1 50. h7
Rh1 {White resigns} 0-1

[Event "ICC tourney 2545 (5 3)"]
[Site "Internet Chess Club"]
[Date "2021.04.11"]
[Round "6"]
[White "vbtry3"]
[Black "CCAadminDave"]
[Result "0-1"]
[ICCResult "White forfeits on time"]
[WhiteElo "1872"]
[BlackElo "1612"]
[Opening "Giuoco Piano: Möller (Therkatz) attack"]
[ECO "C54"]
[NIC "IG.02"]
[Time "16:14:13"]
[TimeControl "300+3"]

1. e4 e5 2. Nf3 Nc6 3. Bc4 Bc5 4. c3 Nf6 5. d4 exd4 6. cxd4 Bb4+ 7. Nc3 Nxe4
8. O-O Bxc3 9. d5 Bf6 10. dxc6 bxc6 11. Re1 d5 12. Bd3 O-O 13. Bxe4 dxe4 14.
Qxd8 Rxd8 15. Rxe4 Rd1+ 16. Re1 Rxe1+ 17. Nxe1 Be6 18. g3 Rd8 19. Bf4 Bxb2
20. Rb1 Bf6 21. Bxc7 Rc8 22. Bd6 Bxa2 23. Rc1 Bd5 24. Nd3 a5 25. Nc5 Ra8 26.
Rb1 g6 27. Na4 Bg7 28. Kf1 Bf8 29. Bxf8 Kxf8 30. Ke2 Ke7 31. Kd3 Kd6 32. Kd4
Re8 33. Nc5 Re2 34. Nb7+ Ke6 35. Nxa5 Rxf2 36. h4 Rf3 37. Re1+ Kd6 38. Nb7+
Kd7 39. Nc5+ Kd6 40. Nb7+ Kc7 41. Re7+ Kb6 42. Nc5 Rxg3 43. Rb7+ Ka5
{White forfeits on time}
0-1

[Event "ICC tourney 2545 (5 3)"]
[Site "Internet Chess Club"]
[Date "2021.04.11"]
[Round "6"]
[White "bumper10"]
[Black "Visam"]
[Result "0-1"]
[ICCResult "White resigns"]
[WhiteElo "2170"]
[BlackElo "2592"]
[Opening "Giuoco Piano"]
[ECO "C54"]
[NIC "IG.02"]
[Time "16:15:28"]
[TimeControl "300+3"]

1. e4 e5 2. Nf3 Nc6 3. Bc4 Bc5 4. c3 Nf6 5. d3 O-O 6. O-O d6 7. Bg5 h6 8.
Bh4 Be6 9. Bb5 a6 10. Ba4 Ba7 11. Re1 g5 12. Bg3 Bg4 13. h3 Bh5 14. Bxc6
bxc6 15. d4 exd4 16. cxd4 Re8 17. Nc3 Rb8 18. Qd3 Rxb2 19. e5 dxe5 20. Bxe5
Nd5 21. Nxd5 Qxd5 22. Qf5 Re6 23. Nxg5 hxg5 24. Qxg5+ Rg6 {White resigns}
0-1

[Event "ICC tourney 2545 (5 3)"]
[Site "Internet Chess Club"]
[Date "2021.04.11"]
[Round "6"]
[White "aga"]
[Black "Heliosis"]
[Result "1/2-1/2"]
[ICCResult "Game drawn by mutual agreement"]
[WhiteElo "2012"]
[BlackElo "1805"]
[Opening "Sicilian: Taimanov (Bastrikov) variation"]
[ECO "B47"]
[NIC "SI.40"]
[Time "16:14:48"]
[TimeControl "300+3"]

1. e4 c5 2. Nf3 e6 3. d4 cxd4 4. Nxd4 Nc6 5. Nc3 Qc7 6. Be2 Nf6 7. O-O Bc5
8. Nb3 Be7 9. f4 O-O 10. e5 Ne8 11. Bd3 d6 12. exd6 Nxd6 13. Kh1 b6 14. Ne4
Nxe4 15. Bxe4 Bb7 16. Qf3 a5 17. Qh3 g6 18. Be3 a4 19. Nd4 Bf6 20. Nxc6 Bxc6
21. Bxc6 Qxc6 22. c3 a3 23. Rab1 axb2 24. Rxb2 b5 25. Bd4 Bxd4 26. cxd4 Qd5
27. Qd3 Rxa2 28. Rxa2 Qxa2 29. Qxb5 Rd8 30. Qe5 Qd5 31. Rd1 Qxe5 32. fxe5
Kg7 33. Kg1 f6 34. exf6+ Kxf6 35. Kf2 Rd5 36. Ke3 e5 37. dxe5+ Rxe5+ 38. Kf4
Rf5+ 39. Kg3 g5 40. Rd6+ Kg7 41. Ra6 Rf6 42. Ra5 Kg6 43. h3 h5 44. h4 gxh4+
45. Kxh4 Rf4+ 46. Kh3 Rg4 47. g3 Re4 48. Ra6+ Kg5 49. Ra5+ Kg6 50. Rb5 Rd4
51. Rc5 Re4 52. Rb5 Rc4 53. Rb8 Kg5 54. Rg8+ Kf6 55. Rh8 Kg6 56. Ra8 Rb4 57.
Ra5 Rc4 58. Ra6+ Kg5 {Game drawn by mutual agreement} 1/2-1/2

[Event "ICC tourney 2545 (5 3)"]
[Site "Internet Chess Club"]
[Date "2021.04.11"]
[Round "6"]
[White "MyNaughtyKnight"]
[Black "drskodeh"]
[Result "1-0"]
[ICCResult "Black resigns"]
[WhiteElo "1274"]
[BlackElo "1443"]
[Opening "King's gambit"]
[ECO "C30"]
[NIC "KG.05"]
[Time "16:14:47"]
[TimeControl "300+3"]

1. e4 e5 2. f4 Nc6 3. Nf3 Bc5 4. Bc4 d6 5. c3 Nf6 6. d4 exd4 7. cxd4 Bb6 8.
e5 Nh5 9. Bxf7+ Kxf7 10. Ng5+ Kg6 11. g4 Nxf4 12. Bxf4 dxe5 13. Qd3+ Kf6 14.
dxe5+ Nxe5 15. Ne4+ Ke6 16. Qb3+ Qd5 17. Ng5+ Kd6 18. Nf7+ Ke7 19. Qxd5 Nxf7
20. Nc3 Rd8 21. Qe4+ Kf8 22. Qxh7 Bxg4 23. h3 Re8+ 24. Kd2 Rad8+ 25. Kc2 Bf3
26. Rhf1 Be2 27. Nxe2 Rxe2+ 28. Kb3 a5 29. a4 Bd4 30. Rab1 b5 31. axb5 Rd5
32. Bxc7 Rxb5+ 33. Ka4 Rc5 34. Bd6+ Ke8 35. Bxc5 Bxc5 36. Qg8+ {Black
resigns} 1-0

[Event "ICC tourney 2545 (5 3)"]
[Site "Internet Chess Club"]
[Date "2021.04.11"]
[Round "6"]
[White "cornfed"]
[Black "GYMEJR"]
[Result "1-0"]
[ICCResult "Black forfeits on time"]
[WhiteElo "1822"]
[BlackElo "1522"]
[Opening "QGD Slav: 3.Nf3"]
[ECO "D11"]
[NIC "QP.09"]
[Time "16:15:04"]
[TimeControl "300+3"]

1. Nf3 d5 2. c4 c6 3. d4 Nf6 4. Qb3 e6 5. g3 Be7 6. Bg2 O-O 7. O-O a6 8. a4
dxc4 9. Qxc4 b5 10. Qc2 Bb7 11. e4 Nbd7 12. b3 c5 13. Nbd2 Rc8 14. Qb1 cxd4
15. Nxd4 Bb4 16. Rd1 Qb6 17. Bb2 Rfd8 18. axb5 axb5 19. Kh1 h6 20. f3 Bc3
21. Bxc3 Rxc3 22. Ne2 Rc7 23. Qb2 Rdc8 24. Rac1 Qf2 25. Nf4 Rxc1 26. Rxc1
Rxc1+ 27. Qxc1 Nc5 28. Qd1 Qe3 29. Nf1 {Black forfeits on time} 1-0

[Event "ICC tourney 2545 (5 3)"]
[Site "Internet Chess Club"]
[Date "2021.04.11"]
[Round "6"]
[White "ulfbert"]
[Black "Python64"]
[Result "1-0"]
[ICCResult "Black resigns"]
[WhiteElo "1880"]
[BlackElo "1790"]
[Opening "English: Carls' Bremen system"]
[ECO "A22"]
[NIC "EO.64"]
[Time "16:15:08"]
[TimeControl "300+3"]

1. c4 Nf6 2. g3 e5 3. Nc3 Nc6 4. Bg2 Bb4 5. Nd5 Bc5 6. e3 O-O 7. Ne2 Nxd5 8.
cxd5 Nb4 9. d4 exd4 10. exd4 Bb6 11. a3 Na6 12. d6 Re8 13. O-O c6 14. Be3
Re6 15. Bf4 g5 16. Be3 Rxd6 17. Qd2 Re6 18. Rae1 h6 19. d5 Re8 20. Nd4 Bxd4
21. Bxd4 Rxe1 22. Rxe1 c5 23. Bc3 d6 24. h4 Bf5 25. Qe3 b6 26. hxg5 hxg5 27.
Qe2 Nc7 28. Qh5 f6 29. Bh3 Bxh3 30. Qg6+ Kf8 31. Bxf6 Qd7 32. Qh6+ Kg8 33.
Qh8+ {Black resigns} 1-0

[Event "ICC tourney 2545 (5 3)"]
[Site "Internet Chess Club"]
[Date "2021.04.11"]
[Round "6"]
[White "maximind"]
[Black "blackjack721"]
[Result "0-1"]
[ICCResult "White forfeits on time"]
[WhiteElo "1280"]
[BlackElo "1230"]
[Opening "Giuoco Piano: LaBourdonnais variation"]
[ECO "C53"]
[NIC "IG.02"]
[Time "16:13:55"]
[TimeControl "300+3"]

1. e4 e5 2. Bc4 Nc6 3. Nf3 Bc5 4. c3 d6 5. d4 exd4 6. cxd4 Bb6 7. O-O h6 8.
h3 Qf6 9. Be3 Nge7 10. Nc3 Bd7 11. Re1 O-O-O 12. Nd5 Nxd5 13. exd5 Ne7 14.
Rc1 Nf5 15. b4 g5 16. a4 Nxe3 17. fxe3 a6 18. Qd3 Rdg8 19. a5 Ba7 20. Qc3 g4
21. Bxa6 Bb8 22. Bxb7+ Kxb7 23. a6+ Kxa6 24. hxg4 Rxg4 25. b5+ Kb7 26. Qa3
Bxb5 27. Rb1 Qxf3 28. Rxb5+ Kc8 29. Qa6+ Kd7 30. Rb2 Rhg8 31. Ree2 h5 32.
Qc6+ Ke7 33. Rf2 Rxg2+ 34. Rxg2 Rxg2+ 35. Rxg2 Qxe3+ 36. Kf1 Qd3+ 37. Re2+
Kf6 38. Qe8 Qd1+ 39. Kf2 Qxd4+ 40. Re3 Ba7 41. Qh8+ Kg5 42. Qg8+ Kh6
{White forfeits on time}
0-1

[Event "ICC tourney 2545 (5 3)"]
[Site "Internet Chess Club"]
[Date "2021.04.11"]
[Round "6"]
[White "HenrikL"]
[Black "Ohanessian"]
[Result "1-0"]
[ICCResult "Black checkmated"]
[WhiteElo "1793"]
[BlackElo "1983"]
[Opening "Sicilian defense"]
[ECO "B41"]
[NIC "SI.41"]
[Time "16:13:58"]
[TimeControl "300+3"]

1. e4 c5 2. Nf3 e6 3. d4 cxd4 4. Nxd4 Bc5 5. Nb3 Bb6 6. Nc3 Ne7 7. Bd3 O-O
8. Qe2 f5 9. Bg5 fxe4 10. Nxe4 d5 11. O-O-O dxe4 12. Qxe4 g6 13. h4 Qe8 14.
h5 Nbc6 15. hxg6 Nxg6 16. Rh6 Rf5 17. f4 Qf7 18. Rdh1 Rxg5 19. fxg5 Qf4+ 20.
Qxf4 Nxf4 21. Bxh7+ Kg7 22. Be4 Be3+ 23. Kb1 Ne7 24. Rh7+ Kf8 25. Rh8+ Ng8
26. Bh7 Ke7 27. Rxg8 Nxg2 28. Be4 Kf7 29. Rgh8 Bxg5 30. Bxg2 Bf6 31. R8h7+
Kg8 32. Be4 a5 33. Rg1+ Kf8 34. Rf1 a4 35. Rxf6+ Ke8 36. Nd4 Ra5 37. Rg6 Kf8
38. Rf6+ Kg8 39. Rg6+ Kf8 40. Rgh6 Re5 41. Rh4 b5 42. Rc7 Ba6 43. Rh8#
{Black checkmated}
1-0

[Event "ICC tourney 2545 (5 3)"]
[Site "Internet Chess Club"]
[Date "2021.04.11"]
[Round "6"]
[White "rishik99"]
[Black "orak"]
[Result "1-0"]
[ICCResult "Black checkmated"]
[WhiteElo "1364"]
[BlackElo "1588"]
[Opening "Alekhine's defense: exchange variation"]
[ECO "B03"]
[NIC "AL.08"]
[Time "16:14:22"]
[TimeControl "300+3"]

1. e4 Nf6 2. e5 Nd5 3. d4 d6 4. c4 Nb6 5. exd6 exd6 6. Nc3 Be7 7. Be3 O-O 8.
Qc2 Nc6 9. Bd3 g6 10. Nge2 Bg4 11. O-O-O d5 12. c5 Nc8 13. Bh6 Re8 14. f3
Be6 15. h4 Bf6 16. h5 N8e7 17. hxg6 Nxg6 18. Be3 Nb4 19. Qd2 c6 20. Bxg6
fxg6 21. a3 Na6 22. Rh6 Bg7 23. Rh2 b6 24. Rdh1 h5 25. Bh6 Bf6 26. Qd3 Bf5
27. Qxa6 bxc5 28. dxc5 d4 29. Ne4 Bxe4 30. fxe4 Rxe4 31. Ng3 Re5 32. Qxc6
Rc8 33. Qf3 Rexc5+ 34. Kb1 d3 35. Ne4 Rf5 36. Nxf6+ Qxf6 37. Qb7 Rc2 38.
Qb8+ Kh7 39. Bc1 Rfc5 40. Be3 Rc8 41. Qb3 Qf5 42. g4 Qe4 43. Qf7+ Kh8 44.
Rxh5+ gxh5 45. Rxh5+ Qh7 46. Qxh7# {Black checkmated} 1-0

[Event "ICC tourney 2545 (5 3)"]
[Site "Internet Chess Club"]
[Date "2021.04.11"]
[Round "6"]
[White "Cramagica"]
[Black "habibo"]
[Result "1/2-1/2"]
[ICCResult "Game drawn by mutual agreement"]
[WhiteElo "1248"]
[BlackElo "1568"]
[Opening "English opening"]
[ECO "A05"]
[NIC "QP.11"]
[Time "16:14:18"]
[TimeControl "300+3"]

1. Nf3 Nf6 2. c4 e6 3. Nc3 d5 4. cxd5 Nxd5 5. e4 Nxc3 6. bxc3 Nc6 7. d4 Bd7
8. Bc4 Qe7 9. O-O O-O-O 10. a4 f5 11. e5 h6 12. Ba3 Qe8 13. Bxf8 Rxf8 14.
Qb3 g5 15. a5 g4 16. Nd2 h5 17. Rfb1 b6 18. axb6 cxb6 19. Ba6+ Kc7 20. Nc4
Rb8 21. Nd6 Qe7 22. Bb5 Na5 23. Qb4 Bxb5 24. Nxb5+ Kd8 25. Qxe7+ Kxe7 26.
Nxa7 Ra8 27. Nb5 Rfc8 28. Ra4 Nc4 29. Rxa8 Rxa8 30. h3 Nd2 31. Rb4 Ne4 32.
Rc4 gxh3 33. gxh3 h4 34. Rc7+ Kd8 35. Rc6 Ra2 36. f3 Ng3 37. Rxe6 Ne2+ 38.
Kf2 Nxc3+ 39. Ke3 Nxb5 40. Rxb6 Ra3+ 41. Kf4 Nc3 42. Rd6+ Ke7 43. Kxf5 Ne2
44. f4 Ng3+ 45. Kg4 Ne4 46. Rg6 Nf2+ 47. Kxh4 {Game drawn by mutual
agreement} 1/2-1/2

[Event "ICC tourney 2545 (5 3)"]
[Site "Internet Chess Club"]
[Date "2021.04.11"]
[Round "6"]
[White "marinaxiao"]
[Black "Boruoh"]
[Result "1-0"]
[ICCResult "Black forfeits on time"]
[WhiteElo "1397"]
[BlackElo "1319"]
[Opening "Pirc: classical (two knights) system"]
[ECO "B08"]
[NIC "PU.10"]
[Time "16:14:32"]
[TimeControl "300+3"]

1. e4 g6 2. d4 d6 3. Nf3 Nf6 4. Nc3 Bg7 5. Bd3 O-O 6. Be3 c6 7. O-O b5 8. a3
a5 9. h3 Na6 10. Qe2 Nc7 11. e5 Nd7 12. exd6 exd6 13. Bf4 Nf6 14. Bg5 Re8
15. Qd2 Qd7 16. Qf4 Ncd5 17. Nxd5 Nxd5 18. Qd2 Ba6 19. Rfe1 Rxe1+ 20. Rxe1
Re8 21. Rxe8+ Qxe8 22. Bf4 Nxf4 23. Qxf4 Qd7 24. Ng5 Bh6 25. Qh4 Bxg5 26.
Qxg5 Qe8 27. a4 Qe1+ 28. Kh2 Qb1 29. Qd8+ Kg7 30. Qxd6 Bb7 31. Qc7 Qxb2 32.
Qxb7 b4 33. Qxc6 Qc1 34. Qb5 Qf4+ 35. Kg1 Qc1+ 36. Bf1 Qxc2 37. Qxa5 b3 38.
Qe5+ Kg8 39. Qe2 Qc3 40. Qd3 Qb4 41. Qb5 Qc3 42. Bd3 Qc1+ 43. Kh2 Qc7+ 44.
g3 Qc3 45. a5 b2 46. Kg2 h5 47. a6 Qxd4 48. a7 Qxa7 49. Qxb2 h4 50. gxh4
{Black forfeits on time}
1-0

[Event "ICC tourney 2545 (5 3)"]
[Site "Internet Chess Club"]
[Date "2021.04.11"]
[Round "6"]
[White "shirovinster"]
[Black "MichaelIC"]
[Result "1-0"]
[ICCResult "Black resigns"]
[WhiteElo "1808"]
[BlackElo "1542"]
[Opening "French: King's Indian attack"]
[ECO "C00"]
[NIC "FR.02"]
[Time "16:14:48"]
[TimeControl "300+3"]

1. e4 e6 2. d3 c5 3. Nf3 Nc6 4. g3 g6 5. Bg2 Bg7 6. O-O d6 7. c3 e5 8. Na3
Nge7 9. Nc2 O-O 10. Nh4 f5 11. exf5 Nxf5 12. Nxf5 gxf5 13. f4 Kh8 14. Qh5
Be6 15. Be3 Qe8 16. Qxe8 Raxe8 17. Rae1 Bxa2 18. c4 Bb3 19. Na1 Ba2 20. Bh3
exf4 21. Bxf4 Ne5 22. Rd1 b5 23. b3 bxc4 24. dxc4 Nxc4 25. bxc4 Bxc4 26.
Rfe1 Bd4+ 27. Kh1 Bd5+ 28. Bg2 Bxg2+ 29. Kxg2 Re4 30. Bxd6 Rfe8 31. Rxe4
Rxe4 32. Nb3 Re6 33. Bxc5 Bxc5 34. Nxc5 Rc6 35. Nd3 a5 36. Kf3 a4 37. Ke3 a3
38. Ra1 Rc2 39. h4 Rg2 40. Kf3 Rd2 41. Nf4 a2 42. Ne2 Rb2 43. Ke3 Kg7 44.
Kd3 Kf6 45. Ke3 Ke5 46. Nf4 Rb3+ 47. Nd3+ {Black resigns} 1-0

[Event "ICC tourney 2545 (5 3)"]
[Site "Internet Chess Club"]
[Date "2021.04.11"]
[Round "6"]
[White "Tlaloc"]
[Black "RoadToFM2007"]
[Result "1-0"]
[ICCResult "Black resigns"]
[WhiteElo "2458"]
[BlackElo "1892"]
[Opening "Réti: King's Indian attack, Spassky's variation"]
[ECO "A05"]
[NIC "QP.11"]
[Time "16:15:22"]
[TimeControl "300+3"]

1. Nf3 Nf6 2. g3 b5 3. Bg2 Bb7 4. O-O e6 5. d3 Be7 6. e4 d6 7. c3 O-O 8. Re1
c5 9. a4 a6 10. Na3 Qb6 11. Qb3 Nc6 12. Bg5 Na5 13. Qc2 b4 14. cxb4 cxb4 15.
Nc4 Nxc4 16. Qxc4 Rac8 17. Qb3 a5 18. h3 h6 19. Be3 Qa6 20. Rec1 Nd7 21. Bf1
Qa8 22. Nd2 d5 23. Bg2 dxe4 24. Bxe4 Bc5 25. Bxb7 Qxb7 26. d4 Be7 27. Nc4
Qd5 28. Nd2 Nb6 29. Qxd5 exd5 30. b3 Rc3 31. Rcb1 Rfc8 32. Nf3 Bd6 33. Kg2
Nd7 34. Bd2 Rd3 35. Ra2 Nf6 36. Be3 Ne4 37. Rab2 Bxg3 38. Ne1 Rdc3 39. Bd2
Bxf2 40. Bxc3 bxc3 41. Rxf2 Nxf2 42. Kxf2 Re8 43. Rc1 Re4 44. Nf3 g5 45.
Rxc3 f5 46. Rc5 g4 47. hxg4 fxg4 48. Nh4 Rxd4 49. Rxa5 g3+ 50. Kxg3 Rd3+ 51.
Nf3 Rxb3 52. Rxd5 Ra3 53. a5 Kf7 54. Kf4 Ke6 55. Rb5 Kd6 56. Nd4 Ra1 57. Rh5
Kc7 58. Ke4 Kb7 59. Kd3 Ka6 60. Rxh6+ Ka7 61. Rh5 Ka6 62. Nb3 Rg1 63. Kc4
Rg4+ 64. Nd4 Rg1 65. Kb4 Rg4 66. Rh6+ Ka7 67. Rd6 Ka8 68. Kb5 Rg5+ 69. Kb6
Rg8 70. Nc6 Rc8 71. Rd7 {Black resigns} 1-0

[Event "ICC tourney 2545 (5 3)"]
[Site "Internet Chess Club"]
[Date "2021.04.11"]
[Round "6"]
[White "TjkTiger"]
[Black "RealFuno09"]
[Result "0-1"]
[ICCResult "White forfeits on time"]
[WhiteElo "2315"]
[BlackElo "2131"]
[Opening "English, Kramnik-Shirov counterattack"]
[ECO "A21"]
[NIC "EO.23"]
[Time "16:15:24"]
[TimeControl "300+3"]

1. c4 e5 2. Nc3 Bb4 3. Nd5 Be7 4. d4 d6 5. e4 Nf6 6. Nxe7 Qxe7 7. f3 O-O 8.
Ne2 c6 9. d5 b5 10. dxc6 bxc4 11. Nc3 Nxc6 12. Bxc4 Be6 13. Bxe6 fxe6 14.
O-O d5 15. exd5 Qc5+ 16. Kh1 exd5 17. Bg5 d4 18. Na4 Qd5 19. Rc1 Kh8 20. b3
Rac8 21. Qd2 Ne7 22. Nb2 Nf5 23. Nc4 Rce8 24. Rce1 Re6 25. Qd3 e4 26. fxe4
Nxe4 27. Ne3 Qa5 28. b4 Qxb4 29. Rb1 dxe3 30. Bxe3 Qe7 31. Bg1 Rd6 32. Qh3
Rh6 {White forfeits on time} 0-1

[Event "ICC tourney 2545 (5 3)"]
[Site "Internet Chess Club"]
[Date "2021.04.11"]
[Round "6"]
[White "ulff"]
[Black "Tavo"]
[Result "1-0"]
[ICCResult "Black resigns"]
[WhiteElo "1829"]
[BlackElo "1434"]
[Opening "Ruy Lopez: Marshall counter-attack"]
[ECO "C89"]
[NIC "RL.17"]
[Time "16:14:32"]
[TimeControl "300+3"]

1. e4 e5 2. Nf3 Nc6 3. Bb5 a6 4. Ba4 b5 5. Bb3 Nf6 6. O-O Be7 7. Re1 O-O 8.
c3 d5 9. d4 dxe4 10. Nxe5 Bb7 11. Nd2 Bd6 12. Ng4 Nxg4 13. Qxg4 Na5 14. Bc2
f5 15. Qh5 Rf6 16. Nf1 Qd7 17. Ng3 Raf8 18. Bg5 Rg6 19. Bd2 Bd5 20. b3 Nc6
21. a4 Ne7 22. Qe2 bxa4 23. c4 Bb7 24. Rxa4 Bxg3 25. fxg3 Qxd4+ 26. Be3 Qe5
27. Bf4 Qe6 28. Qe3 Qc6 29. Raa1 Rg4 30. h3 Rg6 31. Red1 Re6 32. Qd4 Ng6 33.
Qd5 Qxd5 34. cxd5 Ree8 35. Bxc7 e3 36. d6 Ne5 37. Re1 Nd7 38. Bd3 f4 39.
gxf4 Rxf4 40. Bxa6 Bxa6 41. Rxa6 Rf2 42. Raa1 Rb2 43. Rab1 Rxb1 44. Rxb1 Kf7
45. Rc1 Ke6 46. b4 Kd5 47. b5 e2 48. Kf2 Re4 49. b6 Rb4 50. Kxe2 Rb2+ 51.
Kf1 Nxb6 52. Bxb6 Rxb6 53. Rd1+ Ke6 54. d7 {Black resigns} 1-0

[Event "ICC tourney 2545 (5 3)"]
[Site "Internet Chess Club"]
[Date "2021.04.11"]
[Round "6"]
[White "ShapeShifter"]
[Black "skbvidya"]
[Result "1-0"]
[ICCResult "Black forfeits on time"]
[WhiteElo "1576"]
[BlackElo "1251"]
[Opening "QGD Slav: exchange variation, 6.Bf4 Bf5"]
[ECO "D14"]
[NIC "SL.02"]
[Time "16:14:42"]
[TimeControl "300+3"]

1. d4 d5 2. c4 c6 3. cxd5 cxd5 4. Nf3 Nf6 5. Nc3 Nc6 6. Bf4 Bf5 7. e3 a6 8.
Rc1 e6 9. Be2 Bd6 10. Bxd6 Qxd6 11. O-O O-O 12. h3 Ne4 13. Nd2 Nxc3 14. Rxc3
Rac8 15. Qa4 Na7 16. Rfc1 Rxc3 17. Rxc3 Nc6 18. Nb3 Rc8 19. Nc5 Qe7 20. a3
e5 21. Bf1 exd4 22. exd4 h6 23. Qd1 Be6 24. Qd2 Rc7 25. Nxb7 Nxd4 26. Qxd4
Rxc3 27. Qxc3 Qxb7 28. b4 Bd7 29. Qc5 Bb5 30. Bxb5 Qxb5 31. Qxb5 axb5 32.
Kf1 Kf8 33. Ke2 Ke7 34. Kd3 Kd6 35. Kd4 f6 36. g3 g6 37. f3 g5 38. f4 gxf4
39. gxf4 h5 40. Kd3 Ke6 41. Kd4 {Black forfeits on time} 1-0

[Event "ICC tourney 2545 (5 3)"]
[Site "Internet Chess Club"]
[Date "2021.04.11"]
[Round "6"]
[White "ser71itmex"]
[Black "Tudorache"]
[Result "1/2-1/2"]
[ICCResult "Game drawn by repetition"]
[WhiteElo "1592"]
[BlackElo "1722"]
[Opening "Sicilian: Alapin's variation (2.c3)"]
[ECO "B22"]
[NIC "SI.46"]
[Time "16:14:48"]
[TimeControl "300+3"]

1. e4 c5 2. c3 Nf6 3. e5 Nd5 4. Nf3 Nc6 5. Bc4 Nb6 6. Bb3 c4 7. Bc2 g6 8. d4
cxd3 9. Bxd3 Bg7 10. Bf4 O-O 11. O-O h6 12. Re1 Nd5 13. Bg3 d6 14. exd6 exd6
15. Bc4 Nb6 16. Bb3 d5 17. Nbd2 Bg4 18. h3 Bf5 19. Nf1 Be4 20. N3d2 Bf5 21.
Ne3 Be6 22. Nf3 Na5 23. Nd4 Nxb3 24. axb3 Qd7 25. Nxe6 fxe6 26. Qd3 g5 27.
Rad1 Rae8 28. Ng4 Qf7 29. Ne5 Qf5 30. Qd2 Bxe5 31. Rxe5 Qg6 32. Rde1 Nd7 33.
R5e2 Nc5 34. Bd6 Ne4 35. Rxe4 dxe4 36. Bxf8 Rxf8 37. Qe3 Rf4 38. g3 Rf3 39.
Qxe4 Qxe4 40. Rxe4 Kf7 41. Rc4 Kf6 42. Rc7 Rd3 43. Rxb7 Rd2 44. Rxa7 Rxb2
45. Rb7 Ke5 46. Kg2 Ke4 47. c4 Kd4 48. Rb5 e5 49. Rd5+ Ke4 50. Rb5 Kd4 51.
g4 e4 52. Rd5+ Kc3 53. Re5 Kd4 54. Re6 Rxb3 55. Rxh6 Kxc4 56. Rg6 Rb5 57.
Kg3 Kd4 58. Rf6 Rb3+ 59. Kg2 Rb5 60. Kg3 Rb3+ 61. Kg2 Rb5 62. Rf8 Ra5 63.
Kf1 Ra3 64. Rh8 Ke5 65. Rh5 Kf4 66. Kg2 Ra2 67. Rh8 Ke5 68. Rf8 Kd4 69. Kg3
Ra3+ 70. Kh2 Ra5 71. Kg2 Rb5 72. Rd8+ Ke5 73. Rc8 Ra5 74. Rc2 Rb5 75. Re2
Kf4 76. Rc2 Ra5 77. Rc7 Ke5 78. Re7+ Kd4 79. Rf7 Rb5 80. Kg3 Rb3+ 81. Kg2
Rb5 82. Rg7 Ra5 83. Kf1 Ra1+ 84. Kg2 Ra5 85. Rf7 Rb5 86. Kg3 Rb3+ 87. Kg2
Rb5 88. Re7 Ra5 89. Kg3 Ra3+ 90. Kg2 Ra5 91. Rd7+ Ke5 92. Rf7 Kd4 93. Kh2
Rb5 94. Kg3 Rb3+ 95. Kg2 Rb5 {Game drawn by repetition} 1/2-1/2

[Event "ICC tourney 2545 (5 3)"]
[Site "Internet Chess Club"]
[Date "2021.04.11"]
[Round "6"]
[White "mansoortJ22"]
[Black "skot"]
[Result "0-1"]
[ICCResult "White forfeits on time"]
[WhiteElo "1721"]
[BlackElo "2034"]
[Opening "Queen's pawn game, Darooha variation "]
[ECO "D02"]
[NIC "QP.06"]
[Time "16:15:24"]
[TimeControl "300+3"]

1. d4 Nf6 2. Nf3 d5 3. g3 c5 4. Bg2 cxd4 5. O-O h6 6. Bf4 g5 7. Bxb8 Rxb8 8.
Qxd4 Ra8 9. c4 Bg7 10. Nc3 dxc4 11. Qxd8+ Kxd8 12. Ne5 Rf8 13. Rfd1+ Kc7 14.
Nb5+ Kb8 15. Nxc4 Be6 16. Ne5 a6 17. Nd4 Bc8 18. Rac1 Nd7 19. Nec6+ bxc6 20.
Nxc6+ Kb7 21. Nxe7+ Ka7 22. Rc7+ Kb6 23. Nd5+ Kb5 24. a4+ Kxa4 25. Rc4+ Kb5
26. Rdc1 Be5 27. e3 a5 28. Bf1 Ka6 29. Rxc8+ Kb7 30. R8c7+ Bxc7 31. Rxc7+
Kb8 32. Rxd7 Ra7 33. Rd6 Rb7 34. Rxh6 Rxb2 {White forfeits on time} 0-1

[Event "ICC tourney 2545 (5 3)"]
[Site "Internet Chess Club"]
[Date "2021.04.11"]
[Round "6"]
[White "Radja"]
[Black "dcole"]
[Result "1-0"]
[ICCResult "Black resigns"]
[WhiteElo "2165"]
[BlackElo "1827"]
[Opening "Bishop's opening"]
[ECO "C23"]
[NIC "IG.04"]
[Time "16:15:05"]
[TimeControl "300+3"]

1. e4 e5 2. Bc4 Nc6 3. Qh5 Qf6 4. Nc3 g6 5. Qf3 Qxf3 6. Nxf3 Nf6 7. Nb5 Bd6
8. d3 a6 9. Nxd6+ cxd6 10. Bh6 b5 11. Bb3 Ng4 12. Bg5 h6 13. Bd2 Nf6 14. O-O
Bb7 15. a4 b4 16. a5 Rb8 17. h3 Ba8 18. Bc4 Bb7 19. Be3 Ke7 20. c3 bxc3 21.
bxc3 g5 22. Nd2 Rhc8 23. Rfb1 Nd8 24. Rb6 Ra8 25. Rab1 Rc7 26. R6b2 Bc6 27.
Bb6 Rcc8 28. f3 Ne6 29. Nf1 Nf4 30. Ne3 Rg8 31. Nf5+ Ke8 32. Nxd6+ Ke7 33.
Nxf7 d6 34. Nxh6 Rh8 35. Nf5+ Kd7 36. Be3 d5 37. Bxf4 gxf4 38. Ba2 dxe4 39.
dxe4 Kc7 40. Ne7 Rad8 41. Nxc6 Kxc6 42. Rb6+ Kc5 43. Rxf6 Rd3 44. Bd5 Rxc3
45. Rc6+ Kd4 46. Rd1+ Rd3 47. Rxd3+ Kxd3 48. Kf2 Rb8 49. Rb6 Rc8 50. Rb2 Rc5
51. Ra2 Kc3 52. h4 {Black resigns} 1-0

[Event "ICC tourney 2545 (5 3)"]
[Site "Internet Chess Club"]
[Date "2021.04.11"]
[Round "6"]
[White "zugspitze"]
[Black "Kyle45"]
[Result "1-0"]
[ICCResult "Black checkmated"]
[WhiteElo "1622"]
[BlackElo "1473"]
[Opening "QGD: 4.Bg5 Be7"]
[ECO "D53"]
[NIC "QO.13"]
[Time "16:15:21"]
[TimeControl "300+3"]

1. d4 Nf6 2. c4 e6 3. Nc3 d5 4. Bg5 Be7 5. e3 b6 6. cxd5 Nxd5 7. Bxe7 Nxe7
8. Bb5+ c6 9. Be2 Bb7 10. Nf3 O-O 11. O-O Nd7 12. b4 Rc8 13. Qb3 Nf6 14.
Rfd1 Ned5 15. Rac1 Re8 16. Ne5 Qd6 17. a3 Rc7 18. Bf3 Rec8 19. Ne4 Nxe4 20.
Bxe4 f6 21. Nf3 f5 22. Bxd5 cxd5 23. Qb2 f4 24. Ne5 fxe3 25. fxe3 h6 26. h3
a6 27. Rf1 b5 28. Rc5 Rxc5 29. bxc5 Qb8 30. Qf2 Rf8 31. Qxf8+ Qxf8 32. Rxf8+
Kxf8 33. Kf2 Ke7 34. h4 a5 35. Ke2 Ba6 36. Kd2 g5 37. hxg5 hxg5 38. Nc6+ Kf6
39. Nxa5 Kf5 40. Nc6 Kg4 41. Nd8 Bc8 42. Nf7 Bb7 43. Ke2 Kh4 44. Kf2 g4 45.
g3+ Kh3 46. Ng5+ Kh2 47. Nxe6 Bc8 48. Nd8 Kh3 49. c6 Kh2 50. Nf7 Be6 51. Nd6
Kh1 52. c7 b4 53. axb4 Bd7 54. c8=Q Bxc8 55. Nxc8 Kh2 56. Nd6 Kh1 57. b5 Kh2
58. b6 Kh1 59. b7 Kh2 60. b8=Q Kh1 61. Qh8# {Black checkmated} 1-0